Flames vs Avalanche
(R1)
Created - 12 octobre 2014 at 00:11
Goals
|
Flames |
0 |
3 |
0 |
0 |
0 |
3 |
Avalanche |
0 |
2 |
1 |
0 |
1 |
4 |
|
Shots
|
Flames |
6 |
12 |
4 |
0 |
3 |
22 |
Avalanche |
4 |
13 |
11 |
1 |
3 |
29 |
|
1st period
No Goal
Penalties :
Bryan Little (Col) for Hooking (Minor) at 6:23, Filip Kuba (Cal) for Interference (Minor) at 6:44, Dave Tanabe (Col) for Boarding (Minor) at 7:43, Steve Regier (Cal) for Cross-checking (Minor) at 14:02, Andrew Ladd (Col) for Hooking (Minor) at 16:50, Steve Regier (Cal) for Tripping (Minor) at 19:11
2nd period
1. Flames , Mark Bell 3 (Tomas Kaberle, Michal Handzus) at 1:52
2. Avalanche , Andrew Ladd 3 (Dustin Byfuglien, Brian Campbell) at 7:32
3. Flames , Mark Bell 4 (Milan Hejduk, Erik Johnson) at 8:26 (PP)
4. Avalanche , Jason Allison 4 (Corey Perry, Dave Tanabe) at 9:40
5. Flames , David Backes 3 (Eric Staal) at 18:17
Penalties :
Alexander Semin (Cal) for Roughing (Minor) at 5:19, Dave Tanabe (Col) for High sticking (Minor) at 7:54, Dustin Byfuglien (Col) for Hooking (Minor) at 10:26, Dave Tanabe (Col) for Holding (Minor) at 11:30
3rd period
6. Avalanche , Drew Doughty 1 (Corey Perry, Jason Allison) at 6:16 (PP)
Penalties :
Dustin Byfuglien (Col) for Hooking (Minor) at 1:02, Milan Hejduk (Cal) for Hooking (Minor) at 6:10, Michal Handzus (Cal) for Hooking (Minor) at 7:08, David Backes (Cal) for Goalie Interference (Minor) at 11:45, Rostislav Olesz (Col) for Holding Stick (Minor) at 13:31, Michal Handzus (Cal) for Hooking (Minor) at 19:49
Overtime #1
No Goal
Penalties :
No Penalty
Shootout
Penalty Shot by Alexander Semin for Flames - Shot Misses the Net
Penalty Shot by Corey Perry for Avalanche - Shot Misses the Net
Penalty Shot by Eric Staal for Flames - Shot Misses the Net
Penalty Shot by Ryan Smyth for Avalanche - Stopped by Pekka Rinne
Penalty Shot by David Backes for Flames - Stopped by Jimmy Howard
Penalty Shot by Bryan Little for Avalanche - Goal!
Penalties :
No Penalty
Goalie Stats
Pekka Rinne (Cal), 26 saves from 29 shots - (0,897), OTL, 2-3-1, 65:00 minutes
Jimmy Howard (Col), 19 saves from 22 shots - (0,864), W, 5-1-0, 65:00 minutes
Players Stats for Flames
Player Name G A P +/- PIM S H SB GA TA FO MP PP MP PK MP
------------------------------------------------------------------------------------
Alexander Semin 0 0 0 0 2 0 4 0 1 0 0/0 21:44 5:38 1:25
Craig Adams 0 0 0 0 0 0 0 0 0 0 0/0 8:02 0:00 2:06
David Backes 1 0 1 1 2 3 2 0 0 0 1/3 20:31 5:36 1:56
Derek Meech 0 0 0 1 0 1 1 0 0 0 0/0 16:58 4:01 3:32
Eric Staal 0 1 1 1 0 1 1 0 0 0 16/34 24:21 5:38 4:31
Erik Johnson 0 1 1 0 0 1 3 0 0 1 0/0 24:31 6:02 4:12
Filip Kuba 0 0 0 0 2 2 2 0 0 2 0/0 23:52 6:12 0:45
Jordin Tootoo 0 0 0 -1 0 0 1 0 0 0 0/0 9:58 0:00 0:00
Marcel Goc 0 0 0 -1 0 0 0 2 1 0 1/5 9:39 0:00 0:11
Mark Bell 2 0 2 1 0 6 1 0 1 1 0/0 16:27 5:01 0:11
Michal Handzus 0 1 1 0 4 2 3 0 0 1 7/17 18:27 0:00 4:52
Mike Leclerc 0 0 0 -1 0 2 0 1 0 1 0/0 12:39 0:00 6:33
Milan Hejduk 0 1 1 1 2 1 0 1 0 1 1/3 15:11 5:01 0:00
Niklas Kronwall 0 0 0 1 0 0 2 1 0 1 0/0 10:54 0:27 0:00
Patrik Berglund 0 0 0 0 0 1 1 0 0 1 3/4 9:40 5:01 0:00
Steve Eminger 0 0 0 -1 0 0 2 3 0 1 0/0 26:45 0:36 7:30
Steve Regier 0 0 0 -1 4 1 1 2 0 0 0/0 9:13 0:00 0:00
Tomas Kaberle 0 1 1 -1 0 1 4 2 2 2 0/0 27:01 4:01 7:35
Players Stats for Avalanche
Player Name G A P +/- PIM S H SB GA TA FO MP PP MP PK MP
------------------------------------------------------------------------------------
Andrew Ladd 1 0 1 1 2 1 3 0 0 1 1/1 10:08 0:15 1:29
Brian Campbell 0 1 1 0 0 3 2 1 0 0 0/0 16:22 3:45 0:56
Bryan Little 0 0 0 0 2 1 1 0 0 0 0/2 10:32 4:32 0:00
Chuck Kobasew 0 0 0 1 0 1 0 1 0 0 0/0 10:13 0:08 2:47
Corey Perry 0 2 2 0 0 4 0 0 2 0 2/7 20:13 5:18 0:13
Dave Tanabe 0 1 1 0 6 2 1 0 1 2 0/0 23:54 6:13 2:27
Drew Doughty 1 0 1 -1 0 3 1 1 0 0 0/0 23:29 6:13 2:01
Dustin Byfuglien 0 1 1 1 4 0 2 0 0 0 0/0 11:52 0:15 2:01
Jack Johnson 0 0 0 -1 0 0 2 1 0 1 0/0 27:39 3:45 6:49
Jason Allison 1 1 2 0 0 2 2 0 2 0 14/23 17:51 5:11 0:28
Jason Pominville 0 0 0 -1 0 1 1 0 2 0 0/1 19:34 4:32 0:33
Marc Staal 0 0 0 1 0 1 1 0 2 0 0/0 22:19 0:00 6:38
Maxim Talbot 0 0 0 0 0 1 0 0 1 0 3/3 6:48 0:00 0:00
Michael Rupp 0 0 0 0 0 1 0 2 0 1 0/2 12:15 0:00 5:58
Mike Comrie 0 0 0 -1 0 2 5 0 1 0 17/27 19:43 0:00 7:02
Rostislav Olesz 0 0 0 0 2 2 3 0 0 0 0/0 17:57 4:31 0:25
Ryan Smyth 0 0 0 -1 0 3 4 0 1 0 0/0 18:18 5:11 0:06
Shane O'Brien 0 0 0 1 0 1 0 2 0 0 0/0 16:20 0:00 3:44
3 Stars
1 - Mark Bell (Cal)
2 - Jason Allison (Col)
3 - Andrew Ladd (Col)
Power Play
Flames - 1 on 8 Attempt(s) - 12,50%
Avalanche - 1 on 8 Attempt(s) - 12,50%
Penalty Kill
Flames - 7 on 8 Attempt(s) - 87,50%
- Score 0 goal in Penalty Kill
Avalanche - 7 on 8 Attempt(s) - 87,50%
- Score 0 goal in Penalty Kill
Official
Referees : Dwyer Gord and StLaurent Francois
Linesman : Lonnie Cameron and Brad Lazarowich
Game Notes
No Game Note
Finance
Level 1 -- Attendance: 6000 (100,00%) -- Ticket Income 504 000 $
Level 2 -- Attendance: 5000 (100,00%) -- Ticket Income 250 000 $
Level 3 -- Attendance: 2000 (100,00%) -- Ticket Income 56 000 $
Level 4 -- Attendance: 3904 (97,60%) -- Ticket Income 70 272 $
Luxury Box -- Attendance: 962 (96,20%) -- Ticket Income 160 654 $
Game was played at the Pepsi Center
Total Attendance: 17866 (99,26%)
Total Ticket Income: 1 040 926 $
Other Income: 156 139 $
Total Income: 1 197 065 $
Flames
5 vs 5 Forward
Center Left Wing Right Wing Time % Phy DF OF
1 Eric Staal Alexander Semin David Backes 40 1 2 2
2 Michal Handzus Mark Bell Milan Hejduk 30 1 2 2
3 Marcel Goc Steve Regier Jordin Tootoo 20 1 2 2
4 Patrik Berglund Mike Leclerc Craig Adams 10 1 2 2
5 vs 5 Defense
Defense Defense Time % Phy DF OF
1 Filip Kuba Steve Eminger 40 1 2 2
2 Tomas Kaberle Erik Johnson 30 1 2 2
3 Niklas Kronwall Derek Meech 20 1 2 2
4 Tomas Kaberle Steve Eminger 10 1 2 2
PowerPlay Forward
Center Left Wing Right Wing Time % Phy DF OF
1 Eric Staal Alexander Semin David Backes 60 1 2 2
2 Patrik Berglund Mark Bell Milan Hejduk 40 1 2 2
PowerPlay Defense
Defense Defense Time % Phy DF OF
1 Filip Kuba Erik Johnson 60 1 2 2
2 Tomas Kaberle Derek Meech 40 1 2 2
Penalty Kill 4 Players Forward
Center Wing Time % Phy DF OF
1 Michal Handzus Mike Leclerc 60 1 3 1
2 Eric Staal Craig Adams 40 1 3 1
Penalty Kill 4 Players Defense
Defense Defense Time % Phy DF OF
1 Tomas Kaberle Steve Eminger 60 1 3 1
2 Derek Meech Erik Johnson 40 1 3 1
Penalty Kill - 3 Players Forward
Forward Time % Phy DF OF
1 Eric Staal 60 1 4 0
2 Mike Leclerc 40 1 4 0
Penalty Kill - 3 Players Defense
Defense Defense Time % Phy DF OF
1 Tomas Kaberle Steve Eminger 60 1 4 0
2 Filip Kuba Erik Johnson 40 1 4 0
4 vs 4 Forward
Center Wing Time % Phy DF OF
1 Eric Staal Alexander Semin 60 1 2 2
2 Michal Handzus David Backes 40 1 2 2
4 vs 4 Defense
Defense Defense Time % Phy DF OF
1 Filip Kuba Steve Eminger 60 1 2 2
2 Tomas Kaberle Erik Johnson 40 1 2 2
Last Minutes Offensive
Center Left Wing Right Wing Defense Defense
Eric Staal Alexander Semin David Backes Filip Kuba Steve Eminger
Last Minutes Defensive
Center Left Wing Right Wing Defense Defense
Eric Staal Alexander Semin David Backes Filip Kuba Steve Eminger
Goaltenders
Starting : Pekka Rinne
Backup : Craig Anderson
Extra Forwards
Normal : Alexander Semin, Jordin Tootoo, Michal Handzus - PP : Mark Bell, Milan Hejduk - PK : David Backes
Extra Defensemen
Normal : Erik Johnson, Tomas Kaberle, Niklas Kronwall - PP : Tomas Kaberle - PK : Erik Johnson, Derek Meech
Penalty Shots
Alexander Semin, Eric Staal, David Backes, Mark Bell, Milan Hejduk
Avalanche
5 vs 5 Forward
Center Left Wing Right Wing Time % Phy DF OF
1 Jason Allison Rostislav Olesz Corey Perry 35 1 2 2
2 Mike Comrie Ryan Smyth Jason Pominville 35 1 2 2
3 Maxim Talbot Andrew Ladd Dustin Byfuglien 15 1 2 2
4 Bryan Little Michael Rupp Chuck Kobasew 15 1 2 2
5 vs 5 Defense
Defense Defense Time % Phy DF OF
1 Jack Johnson Drew Doughty 35 1 2 2
2 Marc Staal Dave Tanabe 35 1 2 2
3 Brian Campbell Shane O'Brien 30 1 2 2
4 Jack Johnson Drew Doughty 0 1 2 2
PowerPlay Forward
Center Left Wing Right Wing Time % Phy DF OF
1 Jason Allison Ryan Smyth Corey Perry 60 1 2 2
2 Bryan Little Rostislav Olesz Jason Pominville 40 1 2 2
PowerPlay Defense
Defense Defense Time % Phy DF OF
1 Drew Doughty Dave Tanabe 60 1 2 2
2 Brian Campbell Jack Johnson 40 1 2 2
Penalty Kill 4 Players Forward
Center Wing Time % Phy DF OF
1 Mike Comrie Michael Rupp 60 1 2 2
2 Dustin Byfuglien Chuck Kobasew 40 1 2 2
Penalty Kill 4 Players Defense
Defense Defense Time % Phy DF OF
1 Jack Johnson Marc Staal 60 1 2 2
2 Dave Tanabe Shane O'Brien 40 1 2 2
Penalty Kill - 3 Players Forward
Forward Time % Phy DF OF
1 Mike Comrie 60 1 2 2
2 Jason Pominville 40 1 2 2
Penalty Kill - 3 Players Defense
Defense Defense Time % Phy DF OF
1 Jack Johnson Marc Staal 60 1 2 2
2 Dave Tanabe Shane O'Brien 40 1 2 2
4 vs 4 Forward
Center Wing Time % Phy DF OF
1 Corey Perry Jason Pominville 60 1 2 2
2 Ryan Smyth Mike Comrie 40 1 2 2
4 vs 4 Defense
Defense Defense Time % Phy DF OF
1 Jack Johnson Marc Staal 60 1 2 2
2 Dave Tanabe Drew Doughty 40 1 2 2
Last Minutes Offensive
Center Left Wing Right Wing Defense Defense
Jason Allison Ryan Smyth Corey Perry Drew Doughty Dave Tanabe
Last Minutes Defensive
Center Left Wing Right Wing Defense Defense
Mike Comrie Michael Rupp Chuck Kobasew Jack Johnson Marc Staal
Goaltenders
Starting : Jimmy Howard
Backup : Marty Turco
Extra Forwards
Normal : Dustin Byfuglien, Rostislav Olesz, Andrew Ladd - PP : Dustin Byfuglien, Rostislav Olesz - PK : Andrew Ladd
Extra Defensemen
Normal : Dave Tanabe, Shane O'Brien, Drew Doughty - PP : Dave Tanabe - PK : Shane O'Brien, Drew Doughty
Penalty Shots
Corey Perry, Ryan Smyth, Bryan Little, Mike Comrie, Dave Tanabe
% Time on Ice - Flames
Lines # - Real PCT - Wanted PCT - Time Play
Normal Forward
1 - 32% - 40% - 11:43
2 - 33% - 30% - 12:11
3 - 23% - 20% - 8:42
4 - 12% - 10% - 4:35
Normal Defense
1 - 40% - 40% - 14:52
2 - 28% - 30% - 10:17
3 - 25% - 20% - 9:10
4 - 8% - 10% - 2:52
PP Forward
1 - 53% - 60% - 5:38
2 - 47% - 40% - 5:01
PP Defense
1 - 62% - 60% - 6:38
2 - 38% - 40% - 4:01
PK Forward
1 - 79% - 60% - 7:52
2 - 21% - 40% - 2:06
PK Defense
1 - 65% - 60% - 6:26
2 - 35% - 40% - 3:32
PK3 Forward
1 - 80% - 60% - 1:27
2 - 20% - 40% - 0:22
PK3 Defense
1 - 63% - 60% - 1:09
2 - 37% - 40% - 0:40
44 Forward
1 - 75% - 60% - 4:03
2 - 25% - 40% - 1:20
44 Defense
1 - 66% - 60% - 3:34
2 - 34% - 40% - 1:49
Last Minute Offensive - 0:00
Last Minute Defensive - 0:00
Total
Forward - 65:00
Defense - 65:00
|
% Time on Ice - Avalanche
Lines # - Real PCT - Wanted PCT - Time Play
Normal Forward
1 - 33% - 35% - 12:10
2 - 34% - 35% - 12:32
3 - 18% - 15% - 6:48
4 - 15% - 15% - 5:41
Normal Defense
1 - 36% - 35% - 13:20
2 - 35% - 35% - 12:51
3 - 30% - 30% - 11:00
4 - 0% - 0% - 0:00
PP Forward
1 - 55% - 60% - 5:26
2 - 45% - 40% - 4:32
PP Defense
1 - 62% - 60% - 6:13
2 - 38% - 40% - 3:45
PK Forward
1 - 70% - 60% - 6:50
2 - 30% - 40% - 2:54
PK Defense
1 - 59% - 60% - 5:45
2 - 41% - 40% - 3:59
PK3 Forward
1 - 86% - 60% - 1:21
2 - 14% - 40% - 0:13
PK3 Defense
1 - 65% - 60% - 1:01
2 - 35% - 40% - 0:33
44 Forward
1 - 70% - 60% - 4:34
2 - 30% - 40% - 1:59
44 Defense
1 - 65% - 60% - 4:16
2 - 35% - 40% - 2:17
Last Minute Offensive - 0:00
Last Minute Defensive - 0:00
Total
Forward - 65:00
Defense - 65:00
|
Play by Play
1st period
0:01 of 1st period - Jason Allison wins face-off versus Eric Staal in neutral zone.
0:07 of 1st period - Icing by Eric Staal.
0:08 of 1st period - Eric Staal wins face-off versus Jason Allison in Flames zone.
0:13 of 1st period - Wrist shot by David Backes.
0:13 of 1st period - Deflect By Eric Staal.
0:13 of 1st period - Shot Misses the Net.
0:13 of 1st period - Puck is out of play.
0:14 of 1st period - Milan Hejduk wins face-off versus Mike Comrie in Avalanche zone.
0:41 of 1st period - Erik Johnson is hit by Dave Tanabe and loses puck.
1:06 of 1st period - Alexander Semin is hit by Brian Campbell and loses puck.
1:46 of 1st period - Off-side.
1:47 of 1st period - Mike Comrie wins face-off versus Milan Hejduk in neutral zone.
2:06 of 1st period - Jason Pominville is hit by Filip Kuba and loses puck.
2:25 of 1st period - Snap shot by Michal Handzus.
2:25 of 1st period - Stopped by Jimmy Howard with a rebound.
2:37 of 1st period - Snap shot by Mike Comrie.
2:37 of 1st period - Deflect By Ryan Smyth.
2:37 of 1st period - Shot Misses the Net.
2:37 of 1st period - Puck is out of play.
2:38 of 1st period - Eric Staal wins face-off versus Jason Allison in Flames zone.
2:49 of 1st period - Slapshot by Corey Perry.
2:49 of 1st period - Stopped by Pekka Rinne without a rebound.
2:50 of 1st period - Eric Staal wins face-off versus Jason Allison in Flames zone.
3:05 of 1st period - Rostislav Olesz is hit by Alexander Semin and loses puck.
3:26 of 1st period - Off-side.
3:27 of 1st period - Patrik Berglund wins face-off versus Bryan Little in neutral zone.
3:30 of 1st period - Snap shot by Tomas Kaberle.
3:30 of 1st period - Deflect By Mike Leclerc.
3:30 of 1st period - Shot Blocked by Chuck Kobasew.
3:30 of 1st period - Puck is out of play.
3:31 of 1st period - Patrik Berglund wins face-off versus Michael Rupp in Avalanche zone.
4:15 of 1st period - Icing by Jack Johnson.
4:16 of 1st period - Mike Comrie wins face-off versus Marcel Goc in Avalanche zone.
4:27 of 1st period - Wrist shot by Steve Regier.
4:27 of 1st period - Stopped by Jimmy Howard without a rebound.
4:28 of 1st period - Maxim Talbot wins face-off versus Eric Staal in Avalanche zone.
5:58 of 1st period - Wrist shot by David Backes.
5:58 of 1st period - Shot Blocked by Shane O'Brien.
6:23 of 1st period - Minor Penalty to Bryan Little for Hooking.
6:24 of 1st period - Mike Comrie wins face-off versus Eric Staal in Avalanche zone.
6:24 of 1st period - Mike Comrie is hit by Alexander Semin.
6:30 of 1st period - Icing by Alexander Semin.
6:31 of 1st period - Eric Staal wins face-off versus Michael Rupp in Flames zone.
6:44 of 1st period - Minor Penalty to Filip Kuba for Interference.
6:45 of 1st period - Corey Perry wins face-off versus Eric Staal in Flames zone.
7:20 of 1st period - Slapshot by David Backes.
7:20 of 1st period - Stopped by Jimmy Howard with a rebound.
7:30 of 1st period - Steve Eminger is hit by Mike Comrie and loses puck.
7:43 of 1st period - Minor Penalty to Dave Tanabe for Boarding.
7:44 of 1st period - Mike Comrie wins face-off versus Eric Staal in Avalanche zone.
7:53 of 1st period - Wrist shot by Eric Staal.
7:53 of 1st period - Shot Blocked by Drew Doughty.
8:13 of 1st period - Shane O'Brien is hit by Niklas Kronwall.
8:23 of 1st period - Penalty to Bryan Little is over, Bryan Little is back on ice.
8:44 of 1st period - Penalty to Filip Kuba is over, Filip Kuba is back on ice.
9:43 of 1st period - Penalty to Dave Tanabe is over, Dave Tanabe is back on ice.
10:03 of 1st period - Jack Johnson is hit by Jordin Tootoo and loses puck.
10:48 of 1st period - Mike Leclerc is hit by Rostislav Olesz and loses puck.
11:12 of 1st period - Michal Handzus is hit by Bryan Little and loses puck.
11:58 of 1st period - Corey Perry is hit by Erik Johnson.
12:22 of 1st period - Steve Regier is hit by Ryan Smyth and loses puck.
12:33 of 1st period - Michael Rupp is hit by Patrik Berglund.
13:21 of 1st period - Wrist shot by Rostislav Olesz.
13:21 of 1st period - Shot Misses the Net.
13:23 of 1st period - Slapshot by Brian Campbell.
13:23 of 1st period - Stopped by Pekka Rinne without a rebound.
13:24 of 1st period - Michal Handzus wins face-off versus Mike Comrie in Flames zone.
14:02 of 1st period - Minor Penalty to Steve Regier for Cross-checking.
14:03 of 1st period - Jason Allison wins face-off versus Michal Handzus in Flames zone.
14:08 of 1st period - Wrist shot by Corey Perry.
14:08 of 1st period - Shot Misses the Net.
14:10 of 1st period - Slapshot by Corey Perry.
14:10 of 1st period - Shot Misses the Net.
14:12 of 1st period - Backhand shot by Drew Doughty.
14:12 of 1st period - Stopped by Pekka Rinne with a rebound.
14:56 of 1st period - Snap shot by Eric Staal.
14:56 of 1st period - Stopped by Jimmy Howard with a rebound.
16:02 of 1st period - Penalty to Steve Regier is over, Steve Regier is back on ice.
16:08 of 1st period - Tomas Kaberle is hit by Andrew Ladd and loses puck.
16:33 of 1st period - Jason Pominville is hit by Alexander Semin and loses puck.
16:50 of 1st period - Minor Penalty to Andrew Ladd for Hooking.
16:51 of 1st period - Patrik Berglund wins face-off versus Mike Comrie in Avalanche zone.
16:53 of 1st period - Slapshot by Mark Bell.
16:53 of 1st period - Stopped by Jimmy Howard with a rebound.
17:05 of 1st period - Slapshot by Filip Kuba.
17:05 of 1st period - Stopped by Jimmy Howard with a rebound.
18:32 of 1st period - Icing by Tomas Kaberle.
18:33 of 1st period - Eric Staal wins face-off versus Jason Allison in Flames zone.
18:50 of 1st period - Penalty to Andrew Ladd is over, Andrew Ladd is back on ice.
19:04 of 1st period - Snap shot by Jason Allison.
19:04 of 1st period - Stopped by Pekka Rinne without a rebound.
19:05 of 1st period - Marcel Goc wins face-off versus Jason Allison in Flames zone.
19:11 of 1st period - Minor Penalty to Steve Regier for Tripping.
19:12 of 1st period - Michal Handzus wins face-off versus Corey Perry in Flames zone.
19:38 of 1st period - Michal Handzus is hit by Rostislav Olesz.
19:46 of 1st period - Snap shot by Rostislav Olesz.
19:46 of 1st period - Shot Misses the Net.
19:50 of 1st period - Snap shot by Rostislav Olesz.
19:50 of 1st period - Shot Misses the Net.
Goals for this period are 0 for Flames vs 0 for Avalanche.
Shots for this period are 6 for Flames vs 4 for Avalanche.
2nd period
0:01 of 2nd period - Jason Allison wins face-off versus Michal Handzus in neutral zone.
0:41 of 2nd period - Icing by Drew Doughty.
0:42 of 2nd period - Michal Handzus wins face-off versus Bryan Little in Avalanche zone.
0:43 of 2nd period - Slapshot by Mike Leclerc.
0:43 of 2nd period - Stopped by Jimmy Howard with a rebound.
1:11 of 2nd period - Penalty to Steve Regier is over, Steve Regier is back on ice.
1:17 of 2nd period - Wrist shot by Jason Pominville.
1:17 of 2nd period - Shot Blocked by Steve Regier.
1:19 of 2nd period - Slapshot by Rostislav Olesz.
1:19 of 2nd period - Shot Blocked by Steve Eminger.
1:21 of 2nd period - Wrist shot by Jason Pominville.
1:21 of 2nd period - Shot Blocked by Steve Regier.
1:23 of 2nd period - Slapshot by Jason Pominville.
1:23 of 2nd period - Stopped by Pekka Rinne without a rebound.
1:24 of 2nd period - Maxim Talbot wins face-off versus Eric Staal in Flames zone.
1:29 of 2nd period - Snap shot by Maxim Talbot.
1:29 of 2nd period - Shot Misses the Net.
1:46 of 2nd period - Off-side.
1:47 of 2nd period - Michal Handzus wins face-off versus Mike Comrie in neutral zone.
1:52 of 2nd period - Wrist shot by Mark Bell.
1:52 of 2nd period - Goal by Mark Bell - Flames : 1 - Avalanche : 0.
1:53 of 2nd period - Eric Staal wins face-off versus Jason Allison in neutral zone.
1:58 of 2nd period - Drew Doughty is hit by Alexander Semin and loses puck.
2:20 of 2nd period - Off-side.
2:21 of 2nd period - Michal Handzus wins face-off versus Mike Comrie in neutral zone.
2:35 of 2nd period - Off-side.
2:36 of 2nd period - Jason Allison wins face-off versus Eric Staal in neutral zone.
3:03 of 2nd period - Mike Comrie is hit by Mark Bell and loses puck.
3:45 of 2nd period - Slapshot by Tomas Kaberle.
3:45 of 2nd period - Stopped by Jimmy Howard with a rebound.
3:47 of 2nd period - Snap shot by Tomas Kaberle.
3:47 of 2nd period - Shot Blocked by Brian Campbell.
3:52 of 2nd period - Shane O'Brien is hit by Erik Johnson and loses puck.
4:14 of 2nd period - Derek Meech is hit by Mike Comrie and loses puck.
4:33 of 2nd period - Snap shot by Mark Bell.
4:33 of 2nd period - Stopped by Jimmy Howard without a rebound.
4:34 of 2nd period - Jason Allison wins face-off versus Milan Hejduk in Avalanche zone.
4:34 of 2nd period - Jason Allison is hit by Michal Handzus.
4:52 of 2nd period - Mark Bell is hit by Drew Doughty and loses puck.
4:59 of 2nd period - Rostislav Olesz is hit by Erik Johnson and loses puck.
5:08 of 2nd period - Wrist shot by Milan Hejduk.
5:08 of 2nd period - Stopped by Jimmy Howard without a rebound.
5:09 of 2nd period - Mike Comrie wins face-off versus Eric Staal in Avalanche zone.
5:19 of 2nd period - Minor Penalty to Alexander Semin for Roughing.
5:20 of 2nd period - Corey Perry wins face-off versus Michal Handzus in Flames zone.
6:28 of 2nd period - Erik Johnson is hit by Rostislav Olesz and loses puck.
7:19 of 2nd period - Penalty to Alexander Semin is over, Alexander Semin is back on ice.
7:23 of 2nd period - Tomas Kaberle is hit by Dustin Byfuglien and loses puck.
7:28 of 2nd period - Wrist shot by Dustin Byfuglien.
7:28 of 2nd period - Shot Misses the Net.
7:30 of 2nd period - Slapshot by Brian Campbell.
7:30 of 2nd period - Stopped by Pekka Rinne with a rebound.
7:32 of 2nd period - Wrist shot by Dustin Byfuglien.
7:32 of 2nd period - Deflect By Andrew Ladd.
7:32 of 2nd period - Goal by Andrew Ladd - Flames : 1 - Avalanche : 1.
7:33 of 2nd period - Eric Staal wins face-off versus Mike Comrie in neutral zone.
7:54 of 2nd period - Minor Penalty to Dave Tanabe for High sticking.
7:55 of 2nd period - Mike Comrie wins face-off versus Eric Staal in Avalanche zone.
8:26 of 2nd period - Slapshot by Mark Bell.
8:26 of 2nd period - Goal by Mark Bell - Flames : 2 - Avalanche : 1.
8:27 of 2nd period - Eric Staal wins face-off versus Mike Comrie in neutral zone.
8:38 of 2nd period - Snap shot by David Backes.
8:38 of 2nd period - Shot Misses the Net.
9:38 of 2nd period - Snap shot by Jason Allison.
9:38 of 2nd period - Shot Misses the Net.
9:40 of 2nd period - Wrist shot by Jason Allison.
9:40 of 2nd period - Goal by Jason Allison - Flames : 2 - Avalanche : 2.
9:41 of 2nd period - Mike Comrie wins face-off versus Eric Staal in neutral zone.
9:50 of 2nd period - Wrist shot by Jason Pominville.
9:50 of 2nd period - Shot Misses the Net.
9:52 of 2nd period - Slapshot by Mike Comrie.
9:52 of 2nd period - Stopped by Pekka Rinne with a rebound.
9:54 of 2nd period - Backhand shot by Drew Doughty.
9:54 of 2nd period - Stopped by Pekka Rinne with a rebound.
10:20 of 2nd period - Snap shot by Mark Bell.
10:20 of 2nd period - Stopped by Jimmy Howard with a rebound.
10:26 of 2nd period - Minor Penalty to Dustin Byfuglien for Hooking.
10:27 of 2nd period - Mike Comrie wins face-off versus Eric Staal in Avalanche zone.
10:36 of 2nd period - Wrist shot by David Backes.
10:36 of 2nd period - Stopped by Jimmy Howard with a rebound.
10:38 of 2nd period - Slapshot by Filip Kuba.
10:38 of 2nd period - Stopped by Jimmy Howard without a rebound.
10:39 of 2nd period - Mike Comrie wins face-off versus Eric Staal in Avalanche zone.
11:30 of 2nd period - Minor Penalty to Dave Tanabe for Holding.
11:31 of 2nd period - Mike Comrie wins face-off versus David Backes in Avalanche zone.
11:52 of 2nd period - Slapshot by Filip Kuba.
11:52 of 2nd period - Deflect By Milan Hejduk.
11:52 of 2nd period - Shot Blocked by Jack Johnson.
11:52 of 2nd period - Puck is out of play.
11:53 of 2nd period - Mike Comrie wins face-off versus Patrik Berglund in Avalanche zone.
12:26 of 2nd period - Penalty to Dustin Byfuglien is over, Dustin Byfuglien is back on ice.
13:30 of 2nd period - Penalty to Dave Tanabe is over, Dave Tanabe is back on ice.
13:36 of 2nd period - Filip Kuba is hit by Jason Allison and loses puck.
13:41 of 2nd period - Snap shot by Jason Allison.
13:41 of 2nd period - Deflect By Corey Perry.
13:41 of 2nd period - Deflect By David Backes.
13:41 of 2nd period - Stopped by Pekka Rinne with a rebound.
13:47 of 2nd period - Eric Staal is hit by Jason Allison and loses puck.
14:39 of 2nd period - Drew Doughty is hit by Niklas Kronwall and loses puck.
14:56 of 2nd period - Corey Perry is hit by Steve Eminger.
15:06 of 2nd period - Backhand shot by Rostislav Olesz.
15:06 of 2nd period - Stopped by Pekka Rinne without a rebound.
15:07 of 2nd period - Mike Comrie wins face-off versus Marcel Goc in Flames zone.
15:52 of 2nd period - Wrist shot by Mike Leclerc.
15:52 of 2nd period - Stopped by Jimmy Howard with a rebound.
16:38 of 2nd period - Jack Johnson is hit by Tomas Kaberle.
16:42 of 2nd period - David Backes is hit by Ryan Smyth and loses puck.
16:59 of 2nd period - Slapshot by Bryan Little.
16:59 of 2nd period - Stopped by Pekka Rinne with a rebound.
17:01 of 2nd period - Slapshot by Brian Campbell.
17:01 of 2nd period - Stopped by Pekka Rinne with a rebound.
17:03 of 2nd period - Wrist shot by Michael Rupp.
17:03 of 2nd period - Shot Blocked by Tomas Kaberle.
17:05 of 2nd period - Snap shot by Michael Rupp.
17:05 of 2nd period - Stopped by Pekka Rinne with a rebound.
17:16 of 2nd period - Erik Johnson is hit by Brian Campbell and loses puck.
17:39 of 2nd period - Slapshot by Michal Handzus.
17:39 of 2nd period - Stopped by Jimmy Howard without a rebound.
17:40 of 2nd period - Mike Comrie wins face-off versus Michal Handzus in Avalanche zone.
17:49 of 2nd period - Wrist shot by Drew Doughty.
17:49 of 2nd period - Shot Blocked by Milan Hejduk.
18:09 of 2nd period - Snap shot by Rostislav Olesz.
18:09 of 2nd period - Stopped by Pekka Rinne without a rebound.
18:10 of 2nd period - Jason Allison wins face-off versus Eric Staal in Flames zone.
18:11 of 2nd period - Wrist shot by Rostislav Olesz.
18:11 of 2nd period - Deflect By Corey Perry.
18:11 of 2nd period - Shot Blocked by Niklas Kronwall.
18:11 of 2nd period - Puck is out of play.
18:12 of 2nd period - Eric Staal wins face-off versus Jason Allison in Flames zone.
18:17 of 2nd period - Wrist shot by David Backes.
18:17 of 2nd period - Goal by David Backes - Flames : 3 - Avalanche : 2.
18:18 of 2nd period - Mike Comrie wins face-off versus Eric Staal in neutral zone.
18:47 of 2nd period - Icing by Milan Hejduk.
18:48 of 2nd period - Jason Allison wins face-off versus Michal Handzus in Flames zone.
18:49 of 2nd period - Wrist shot by Corey Perry.
18:49 of 2nd period - Shot Blocked by Steve Eminger.
18:51 of 2nd period - Snap shot by Corey Perry.
18:51 of 2nd period - Stopped by Pekka Rinne without a rebound.
18:52 of 2nd period - Eric Staal wins face-off versus Mike Comrie in Flames zone.
19:03 of 2nd period - Wrist shot by David Backes.
19:03 of 2nd period - Shot Misses the Net.
Goals for this period are 3 for Flames vs 2 for Avalanche.
Shots for this period are 12 for Flames vs 13 for Avalanche.
3rd period
0:01 of 3rd period - Mike Comrie wins face-off versus Eric Staal in neutral zone.
1:02 of 3rd period - Minor Penalty to Dustin Byfuglien for Hooking.
1:03 of 3rd period - Eric Staal wins face-off versus Mike Comrie in Avalanche zone.
1:08 of 3rd period - Snap shot by Alexander Semin.
1:08 of 3rd period - Shot Blocked by Shane O'Brien.
1:10 of 3rd period - Slapshot by Erik Johnson.
1:10 of 3rd period - Shot Blocked by Michael Rupp.
1:12 of 3rd period - Slapshot by David Backes.
1:12 of 3rd period - Shot Blocked by Michael Rupp.
1:14 of 3rd period - Wrist shot by Erik Johnson.
1:14 of 3rd period - Stopped by Jimmy Howard without a rebound.
1:15 of 3rd period - Mike Comrie wins face-off versus Eric Staal in Avalanche zone.
2:35 of 3rd period - Michael Rupp is hit by Tomas Kaberle and loses puck.
2:46 of 3rd period - Mike Comrie is hit by Eric Staal and loses puck.
3:02 of 3rd period - Penalty to Dustin Byfuglien is over, Dustin Byfuglien is back on ice.
3:20 of 3rd period - Snap shot by Chuck Kobasew.
3:20 of 3rd period - Stopped by Pekka Rinne with a rebound.
3:34 of 3rd period - Slapshot by Jason Allison.
3:34 of 3rd period - Shot Misses the Net.
4:00 of 3rd period - Icing by Erik Johnson.
4:01 of 3rd period - Mike Comrie wins face-off versus Marcel Goc in Flames zone.
4:04 of 3rd period - Wrist shot by Mike Comrie.
4:04 of 3rd period - Shot Blocked by Marcel Goc.
4:30 of 3rd period - Slapshot by Derek Meech.
4:30 of 3rd period - Deflect By Drew Doughty.
4:30 of 3rd period - Stopped by Jimmy Howard without a rebound.
4:31 of 3rd period - Andrew Ladd wins face-off versus Eric Staal in Avalanche zone.
4:31 of 3rd period - Andrew Ladd is hit by Steve Eminger.
4:57 of 3rd period - Jack Johnson is hit by Tomas Kaberle and loses puck.
5:02 of 3rd period - Slapshot by Mark Bell.
5:02 of 3rd period - Stopped by Jimmy Howard without a rebound.
5:03 of 3rd period - Jason Allison wins face-off versus Michal Handzus in Avalanche zone.
5:30 of 3rd period - David Backes is hit by Marc Staal and loses puck.
5:55 of 3rd period - Wrist shot by Patrik Berglund.
5:55 of 3rd period - Stopped by Jimmy Howard with a rebound.
6:10 of 3rd period - Minor Penalty to Milan Hejduk for Hooking.
6:11 of 3rd period - Jason Allison wins face-off versus Michal Handzus in Flames zone.
6:12 of 3rd period - Snap shot by Corey Perry.
6:12 of 3rd period - Shot Blocked by Mike Leclerc.
6:14 of 3rd period - Wrist shot by Corey Perry.
6:14 of 3rd period - Shot Blocked by Tomas Kaberle.
6:16 of 3rd period - Slapshot by Drew Doughty.
6:16 of 3rd period - Goal by Drew Doughty - Flames : 3 - Avalanche : 3.
6:17 of 3rd period - Jason Allison wins face-off versus Eric Staal in neutral zone.
6:28 of 3rd period - Snap shot by Corey Perry.
6:28 of 3rd period - Shot Misses the Net.
6:30 of 3rd period - Slapshot by Marc Staal.
6:30 of 3rd period - Stopped by Pekka Rinne without a rebound.
6:31 of 3rd period - Eric Staal wins face-off versus Mike Comrie in Flames zone.
6:42 of 3rd period - Wrist shot by Mike Comrie.
6:42 of 3rd period - Shot Blocked by Steve Eminger.
6:44 of 3rd period - Slapshot by Marc Staal.
6:44 of 3rd period - Deflect By Mike Comrie.
6:44 of 3rd period - Stopped by Pekka Rinne with a rebound.
7:08 of 3rd period - Minor Penalty to Michal Handzus for Hooking.
7:09 of 3rd period - Jason Allison wins face-off versus David Backes in Flames zone.
7:09 of 3rd period - Snap shot by Corey Perry.
7:09 of 3rd period - Stopped by Pekka Rinne with a rebound.
9:08 of 3rd period - Penalty to Michal Handzus is over, Michal Handzus is back on ice.
9:15 of 3rd period - Derek Meech is hit by Dustin Byfuglien and loses puck.
9:40 of 3rd period - Erik Johnson is hit by Andrew Ladd and loses puck.
10:03 of 3rd period - Corey Perry is hit by Filip Kuba and loses puck.
10:32 of 3rd period - Shane O'Brien is hit by Michal Handzus and loses puck.
10:45 of 3rd period - Niklas Kronwall is hit by Jason Pominville and loses puck.
11:10 of 3rd period - Andrew Ladd is hit by Michal Handzus and loses puck.
11:45 of 3rd period - Minor Penalty to David Backes for Goalie Interference.
11:46 of 3rd period - Michal Handzus wins face-off versus Corey Perry in Flames zone.
11:52 of 3rd period - Icing by Corey Perry.
11:53 of 3rd period - Michal Handzus wins face-off versus Jason Allison in Avalanche zone.
12:02 of 3rd period - Slapshot by Dave Tanabe.
12:02 of 3rd period - Stopped by Pekka Rinne without a rebound.
12:03 of 3rd period - Jason Allison wins face-off versus Michal Handzus in Flames zone.
12:39 of 3rd period - Slapshot by Dave Tanabe.
12:39 of 3rd period - Stopped by Pekka Rinne without a rebound.
12:40 of 3rd period - Jason Allison wins face-off versus Michal Handzus in Flames zone.
12:45 of 3rd period - Slapshot by Jason Allison.
12:45 of 3rd period - Deflect By Ryan Smyth.
12:45 of 3rd period - Stopped by Pekka Rinne with a rebound.
12:47 of 3rd period - Slapshot by Ryan Smyth.
12:47 of 3rd period - Stopped by Pekka Rinne without a rebound.
12:48 of 3rd period - Jason Allison wins face-off versus Michal Handzus in Flames zone.
13:31 of 3rd period - Minor Penalty to Rostislav Olesz for Holding Stick.
13:32 of 3rd period - Eric Staal wins face-off versus Jason Pominville in Avalanche zone.
13:45 of 3rd period - Penalty to David Backes is over, David Backes is back on ice.
13:45 of 3rd period - Wrist shot by Eric Staal.
13:45 of 3rd period - Shot Misses the Net.
14:19 of 3rd period - Alexander Semin is hit by Mike Comrie and loses puck.
15:31 of 3rd period - Penalty to Rostislav Olesz is over, Rostislav Olesz is back on ice.
15:45 of 3rd period - Brian Campbell is hit by Steve Regier and loses puck.
16:16 of 3rd period - Craig Adams is hit by Ryan Smyth and loses puck.
17:12 of 3rd period - Derek Meech is hit by Jack Johnson and loses puck.
17:57 of 3rd period - Wrist shot by Dustin Byfuglien.
17:57 of 3rd period - Shot Blocked by Marcel Goc.
17:59 of 3rd period - Slapshot by Shane O'Brien.
17:59 of 3rd period - Stopped by Pekka Rinne with a rebound.
18:01 of 3rd period - Snap shot by Andrew Ladd.
18:01 of 3rd period - Shot Misses the Net.
18:27 of 3rd period - Icing by Erik Johnson.
18:28 of 3rd period - Eric Staal wins face-off versus Jason Allison in Flames zone.
18:50 of 3rd period - Michal Handzus is hit by Jack Johnson and loses puck.
18:55 of 3rd period - Snap shot by Maxim Talbot.
18:55 of 3rd period - Stopped by Pekka Rinne without a rebound.
18:56 of 3rd period - Maxim Talbot wins face-off versus Marcel Goc in Flames zone.
18:56 of 3rd period - Maxim Talbot is hit by Derek Meech.
19:04 of 3rd period - Snap shot by Dustin Byfuglien.
19:04 of 3rd period - Shot Misses the Net.
19:49 of 3rd period - Minor Penalty to Michal Handzus for Hooking.
19:50 of 3rd period - David Backes wins face-off versus Corey Perry in Flames zone.
Goals for this period are 0 for Flames vs 1 for Avalanche.
Shots for this period are 4 for Flames vs 11 for Avalanche.
Overtime #1
0:01 of 1st overtime period - Eric Staal wins face-off versus Corey Perry in neutral zone.
1:33 of 1st overtime period - Corey Perry is hit by Tomas Kaberle and loses puck.
1:49 of 1st overtime period - Penalty to Michal Handzus is over, Michal Handzus is back on ice.
1:50 of 1st overtime period - Ryan Smyth is hit by David Backes.
2:29 of 1st overtime period - Alexander Semin is hit by Mike Comrie and loses puck.
3:55 of 1st overtime period - Filip Kuba is hit by Andrew Ladd and loses puck.
4:12 of 1st overtime period - Erik Johnson is hit by Mike Comrie and loses puck.
4:19 of 1st overtime period - Wrist shot by Ryan Smyth.
4:19 of 1st overtime period - Stopped by Pekka Rinne without a rebound.
4:20 of 1st overtime period - Eric Staal wins face-off versus Corey Perry in Flames zone.
4:44 of 1st overtime period - Dave Tanabe is hit by David Backes and loses puck.
4:53 of 1st overtime period - Tomas Kaberle is hit by Ryan Smyth and loses puck.
Goals for this period are 0 for Flames vs 0 for Avalanche.
Shots for this period are 0 for Flames vs 1 for Avalanche.
ShootOut
5:00 of 1st overtime period - Penalty Shot by Alexander Semin for Flames.
5:00 of 1st overtime period - Snap shot by Alexander Semin.
5:00 of 1st overtime period - Shot Misses the Net.
5:00 of 1st overtime period - Penalty Shot by Corey Perry for Avalanche.
5:00 of 1st overtime period - Deke by Corey Perry.
5:00 of 1st overtime period - Shot Misses the Net.
5:00 of 1st overtime period - Penalty Shot by Eric Staal for Flames.
5:00 of 1st overtime period - Wrist shot by Eric Staal.
5:00 of 1st overtime period - Shot Misses the Net.
5:00 of 1st overtime period - Penalty Shot by Ryan Smyth for Avalanche.
5:00 of 1st overtime period - Deke by Ryan Smyth.
5:00 of 1st overtime period - Stopped by Pekka Rinne.
5:00 of 1st overtime period - Penalty Shot by David Backes for Flames.
5:00 of 1st overtime period - Backhand shot by David Backes.
5:00 of 1st overtime period - Stopped by Jimmy Howard.
5:00 of 1st overtime period - Penalty Shot by Bryan Little for Avalanche.
5:00 of 1st overtime period - Deke by Bryan Little.
5:00 of 1st overtime period - Goal by Bryan Little.
Output by the SimonT Hockey Simulator (STHS) for Pascal Landry -- Original Page W3C XHTML 1.0 Valid